AoeStats
← :)

MegaRandom

509755567Analyzed
4v4 RM · 6d ago on Sep 27, 2026· 43m 13s· 8 players
Game mode
Random Map
Map size
Large (8 player)
Population
200
Speed
Normal
Resources
Standard
Victory
Conquest
Starting age
Dark Age
Ending age
Imperial Age
RankedLock teamsTeams togetherTeam positionsShared explorationLock speedFull tech treeHidden civsTurbo modeCheats
Victory
Defeat
🇦🇷 Magyars · Argentina
1269
+10
🇺🇸 Hindustanis · United States
1236
+12
🇹🇷 Mongols · Türkiye
1211
+13
🇺🇸 Dravidians · United States
1087
+17
🇦🇷 Mongols · Argentina
1155
-14
🇧🇷 Burgundians · Brazil
1154
-14
🇦🇷 Italians · Argentina
1146
-13
🇪🇸 Spanish · Spain
1088
-11
joaopessoense
5:55 Double-Bit Axe
12:53 Feudal Age
13:41 Town Watch
14:20 Bow Saw
14:00 Loom
19:11 Castle Age
18:56 Horse Collar
21:41 Two-Man Saw
25:56 Husbandry
26:37 Wheelbarrow
28:09 Hand Cart
28:22 Gold Mining
29:37 Heavy Plow
29:55 Cavalier
34:52 Imperial Age
32:38 Scale Barding Armor
33:54 Chain Barding Armor
33:44 Forging
33:53 Burgundian Vineyards
34:23 Ballistics
34:38 Fletching
34:43 Pikeman
35:23 Squires
35:09 Arson
35:27 Scale Mail Armor
36:38 Chemistry
36:07 Bodkin Arrow
36:53 Gold Shaft Mining
35:53 Halberdier
38:16 Iron Casting
38:04 Conscription
39:07 Bracer
39:23 Chain Mail Armor
JPR2405
7:09 Loom
10:42 Feudal Age
15:15 Castle Age
13:05 Double-Bit Axe
18:00 Fletching
19:59 Gold Mining
20:24 Horse Collar
20:59 Crossbowman
23:01 Bodkin Arrow
24:57 Wheelbarrow
26:03 Town Watch
28:05 Stone Mining
28:36 Padded Archer Armor
33:58 Imperial Age
31:46 Heavy Plow
32:05 Bow Saw
32:40 Leather Archer Armor
33:45 Stone Shaft Mining
34:22 Hand Cart
34:07 Town Patrol
34:04 Arbalester
34:59 Thumb Ring
35:21 Bracer
36:06 Ballistics
37:03 Chemistry
38:06 Conscription
41:38 Ring Archer Armor
43:14 Hand Cart
42:59 Town Patrol
GonzaloMig
1:33 Loom
10:38 Feudal Age
12:42 Horse Collar
17:46 Castle Age
23:42 Stone Mining
23:43 Gold Mining
24:36 Gold Mining
25:32 Fervor
26:22 Pikeman
27:38 Town Watch
29:33 Scale Mail Armor
29:35 Squires
30:00 Double-Bit Axe
30:51 Wheelbarrow
31:14 Chain Mail Armor
32:41 Hand Cart
34:36 Heavy Plow
34:55 Forging
35:29 Bow Saw
36:36 Iron Casting
36:07 Scale Barding Armor
35:53 Fletching
36:03 Padded Archer Armor
37:53 Husbandry
38:04 Bloodlines
37:14 Light Cavalry
39:12 Stone Shaft Mining
41:16 Imperial Age
38:48 Man-at-Arms
39:15 Arson
39:26 Bodkin Arrow
39:47 Leather Archer Armor
39:52 Chain Barding Armor
40:00 Fortified Wall
39:45 Murder Holes
40:00 Masonry
40:11 Ballistics
42:19 Gold Shaft Mining
42:33 Thumb Ring
42:55 Parthian Tactics
41:51 Elite Skirmisher
41:51 Crossbowman
Faramir
11:24 Feudal Age
15:22 Castle Age
13:38 Horse Collar
14:26 Loom
15:34 Double-Bit Axe
18:50 Heavy Plow
19:55 Wheelbarrow
23:17 Stone Mining
26:06 Hand Cart
26:06 Bow Saw
31:34 Imperial Age
29:19 Padded Archer Armor
29:17 Gold Mining
31:25 Bloodlines
32:34 Leather Archer Armor
32:26 Scale Barding Armor
32:12 Fletching
33:42 Two-Man Saw
34:02 Conscription
34:23 Ring Archer Armor
35:07 Chemistry
34:09 Cavalier
34:58 Town Watch
35:16 Bodkin Arrow
36:21 Bombard Tower
35:32 Pikeman
36:25 Scale Mail Armor
36:36 Forging
36:49 Halberdier
39:55 Iron Casting
39:36 Chain Mail Armor
42:12 Masonry
nsimeone11
5:53 Loom
9:21 Feudal Age
9:49 Double-Bit Axe
11:27 Horse Collar
20:04 Castle Age
18:30 Gold Mining
21:10 Bow Saw
21:01 Heavy Plow
21:30 Scale Barding Armor
21:36 Forging
22:05 Gold Shaft Mining
23:42 Bloodlines
28:45 Chain Barding Armor
29:36 Iron Casting
31:20 Wheelbarrow
33:13 Hand Cart
36:16 Imperial Age
33:34 Town Watch
37:18 Conscription
37:01 Grand Trunk Road
36:24 Heavy Camel Rider
38:05 Blast Furnace
37:40 Plate Barding Armor
38:01 Imperial Camel Rider
chakar
8:42 Loom
10:28 Feudal Age
15:00 Castle Age
13:16 Double-Bit Axe
13:41 Horse Collar
17:32 Bow Saw
17:58 Heavy Plow
22:21 Wheelbarrow
24:35 Hand Cart
24:52 Stone Mining
24:54 Gold Mining
26:56 Padded Archer Armor
29:47 Imperial Age
27:18 Town Watch
28:10 Fletching
28:42 Ballistics
28:33 Masonry
29:03 Bodkin Arrow
29:25 Leather Archer Armor
29:42 Bloodlines
29:33 Husbandry
29:25 Light Cavalry
30:11 Scale Barding Armor
30:17 Forging
30:37 Bracer
31:40 Chemistry
30:46 Hussar
32:45 Chain Barding Armor
33:42 Iron Casting
36:40 Blast Furnace
36:09 Conscription
42:03 Elite Mangudai
43:18 Thumb Ring
43:39 Parthian Tactics
fatmuddybear
10:50 Feudal Age
15:04 Castle Age
14:32 Double-Bit Axe
14:28 Horse Collar
14:50 Gold Mining
19:40 Wheelbarrow
23:11 Hand Cart
23:47 Loom
27:43 Imperial Age
24:59 Loom
25:03 Town Watch
25:47 Town Patrol
26:59 Stone Mining
27:12 Heavy Plow
27:23 Bow Saw
28:21 Fletching
29:34 Chemistry
28:55 Ballistics
28:49 Masonry
29:04 Bodkin Arrow
31:14 Conscription
31:01 Medical Corps
31:19 Wootz Steel
31:53 Bracer
31:53 Padded Archer Armor
33:34 Leather Archer Armor
33:45 Elite Elephant Archer
37:54 Ring Archer Armor
:)
9:06 Loom
10:57 Feudal Age
15:03 Castle Age
13:31 Horse Collar
13:46 Double-Bit Axe
22:09 Wheelbarrow
22:17 Bloodlines
24:13 Scale Barding Armor
24:55 Husbandry
26:17 Chain Barding Armor
29:13 Gold Mining
29:35 Bow Saw
29:25 Heavy Plow
30:07 Fletching
34:18 Imperial Age
34:24 Cavalier
35:40 Plate Barding Armor
35:48 Paladin
37:12 Conscription
37:04 Caravan
42:55 Town Watch
43:27 Hand Cart
Connection lost

Rejoining the realm…

Still unreachable

The connection could not be restored.

Session expired

The server has moved on; the page needs a fresh start.